Map: Frozen Temple

Players

Miszu - Winner!

  • Race: Terran Terran
  • League: Grandmaster

NeverLucky

  • Race: Zerg Zerg
  • League: Master

VOD

Have the link to the VOD?

Description

Time

  • Played on: May 17, 2016, 9:02 a.m.
  • Length: 17:41
Show
View Real Time Build Order
Export as new Build Order

Miszu Terran - Winner!

Build Orders: Reaper Expand, Hellion Banshee 

Get SALT Encoding   

  12  0:00  SCV  
  13  0:12  SCV  
  14  0:17  Supply Depot  
  14  0:25  SCV  
  15  0:29  Refinery  
  15  0:39  SCV  
  15  0:41  Barracks  
  16  0:45  Refinery  
  16  0:51  SCV  
  17  1:03  SCV  
  18  1:16  SCV  
  19  1:29  Reaper, Orbital Command  
  20  1:43  Command Center  
  20  1:54  SCV  
  20  1:55  Supply Depot  
  21  2:01  Marine  
  21  2:07  SCV  
  23  2:11  Factory  
  23  2:17  Refinery  
  23  2:19  SCV  
  24  2:31  SCV  
  24  2:36  Barracks Reactor  
  25  2:43  SCV  
  26  2:54  Starport  
  26  2:55  SCV, Orbital Command  
  27  3:04  Supply Depot  
  27  3:07  SCV  
  28  3:19  SCV  
  29  3:22  Barracks Tech Lab  
  33  3:27  Hellion x2  
  33  3:28  SCV  
  33  3:31  SCV  
  35  3:38  Supply Depot  
  35  3:40  SCV  
  35  3:43  SCV  
  35  3:47  Banshee  
  43  3:48  Hellion x2  
  43  3:52  SCV  
  44  3:56  SCV  
  44  4:00  Barracks Reactor  
  45  4:04  Command Center  
  45  4:08  SCV x2  
  47  4:18  Refinery  
  47  4:20  Refinery, SCV x2  
  47  4:22  Supply Depot  
  52  4:32  SCV  
  52  4:34  Liberator  
  52  4:35  Liberator  
  52  4:36  Supply Depot  
  53  4:42  Hellion  
  53  4:43  Hellion  
  54  4:49  SCV  
  54  4:50  SCV  
  62  4:55  Armory  
  62  5:01  SCV  
  62  5:02  SCV  
  62  5:04  Supply Depot  
  64  5:11  Hellion  
  64  5:12  Hellion  
  64  5:14  SCV  
  69  5:16  Supply Depot  
  69  5:17  Liberator x2  
  69  5:20  SCV, Orbital Command  
  70  5:30  SCV  
  77  5:39  Starport  
  77  5:43  Starport  
  77  5:44  Terran Ship Weapons Level 1, SCV  
  77  5:45  SCV x2  
  80  5:56  SCV  
  81  5:57  SCV  
  81  5:59  Hellion x2  
  81  6:00  Liberator  
  81  6:03  Fusion Core  
  83  6:12  Orbital Command  
  83  6:15  Supply Depot  
  83  6:16  Supply Depot  
  83  6:17  Starport Tech Lab  
  86  6:27  Liberator  
  82  6:36  SCV x2  
  77  6:43  Banshee x2  
  77  6:44  Liberator  
  77  6:45  SCV  
  84  6:48  SCV  
  84  6:49  Supply Depot  
  85  6:54  SCV  
  85  6:57  SCV  
  85  7:00  SCV  
  92  7:01  Hellion x2  
  92  7:03  Hellion x2  
  92  7:05  Refinery x2  
  92  7:06  SCV  
  92  7:09  SCV  
  92  7:12  SCV  
  92  7:13  Supply Depot  
  92  7:14  Supply Depot, Hyperflight Rotors  
  94  7:16  Supply Depot  
  94  7:18  SCV  
  94  7:21  SCV  
  100  7:22  Hellion  
  100  7:23  Hellion  
  100  7:24  SCV  
  100  7:27  Banshee  
  100  7:28  Banshee  
  107  7:31  Engineering Bay  
  107  7:32  Liberator  
  107  7:33  SCV x2  
  109  7:41  Supply Depot, SCV  
  108  7:46  Supply Depot  
  108  7:50  Hellion x2  
  108  7:51  SCV x2  
  117  7:53  Terran Ship Weapons Level 2, SCV  
  118  7:59  Command Center  
  118  8:02  Liberator  
  118  8:03  SCV x2  
  120  8:05  Supply Depot  
  120  8:06  SCV  
  120  8:09  Banshee  
  120  8:10  Supply Depot, Missile Turret  
  120  8:11  Banshee  
  120  8:12  Hellion, Missile Turret  
  129  8:13  Missile Turret  
  129  8:17  Missile Turret  
  132  8:23  SCV x3  
  132  8:24  Starport  
  135  8:27  Starport  
  135  8:35  SCV  
  135  8:36  Hellion x2  
  140  8:41  Cloaking Field  
  140  8:47  Liberator x2  
  139  9:04  Banshee x2  
  150  9:22  Hellion x2  
  154  9:24  Supply Depot  
  154  9:25  Factory  
  154  9:26  Supply Depot  
  154  9:28  Missile Turret  
  154  9:30  Liberator  
  154  9:36  Starport Tech Lab  
  154  9:37  Starport Tech Lab, Missile Turret  
  154  9:39  Refinery  
  154  9:40  Refinery  
  154  9:47  Banshee x2  
  158  10:04  Liberator x2  
  139  10:08  Hellion  
  139  10:09  Hellion  
  139  10:10  Factory Tech Lab  
  139  10:11  Supply Depot  
  133  10:26  SCV x3  
  135  10:30  Hellion x2  
  139  10:38  SCV x2  
  139  10:39  SCV  
  133  10:50  SCV  
  133  10:51  Hellion, SCV x2  
  133  10:53  Banshee x3  
  133  10:55  Hellion  
  137  11:03  Liberator x2  
  137  11:04  Liberator  
  128  11:12  Hellion  
  128  11:13  Hellion  
  128  11:16  Hellion  
  134  11:18  Infernal Pre-Igniter  
  134  11:23  SCV  
  134  11:24  SCV x2  
  146  11:34  Hellion  
  146  11:36  SCV  
  146  11:38  Hellion  
  142  11:45  Hellion  
  142  11:46  SCV x2  
  141  11:48  SCV  
  141  11:50  Liberator  
  141  11:52  Liberator x3  
  134  11:55  Hellion  
  134  11:56  Planetary Fortress  
  134  11:59  Hellion  
  141  12:05  Refinery  
  141  12:06  Refinery, Hellion, Missile Turret  
  146  12:17  Hellion  
  146  12:20  Hellion, SCV x3  
  153  12:27  Hellion  
  155  12:32  SCV  
  156  12:43  Advanced Ballistics  
  156  12:53  Liberator  
  156  12:54  Supply Depot  
  156  12:56  Supply Depot  
  156  12:58  Supply Depot, Liberator  
  156  12:59  Command Center  
  156  13:00  Supply Depot  
  156  13:01  Command Center, Liberator  
  156  13:16  Hellion x2, SCV  
  156  13:18  Hellion, SCV  
  167  13:32  Terran Ship Weapons Level 3  
  167  13:35  Armory  
  167  13:37  Hellion x2  
  167  13:38  Liberator x4  
  167  13:40  Hellion  
  173  13:41  Liberator  
  176  14:01  Banshee  
  176  14:02  Hellion  
  187  14:11  Hellion x2  
  191  14:29  Liberator x3  
  191  14:32  Hellion x3  
  191  14:38  Viking x3  
  177  14:50  Liberator  
  177  14:51  Liberator  
  177  14:52  Terran Vehicle And Ship Armor Level 1  
  175  14:53  Hellion  
  175  14:54  Hellion  
  181  15:07  Hellion  
  181  15:13  Viking  
  185  15:15  Hellion  
  187  15:22  Refinery x2, Missile Turret  
  187  15:23  Missile Turret  
  187  15:26  SCV x4  
  181  15:38  SCV x3  
  164  15:59  Viking x6  
  168  16:09  Refinery x2  
  168  16:10  Planetary Fortress  
  162  16:31  Viking  
  162  16:32  Viking x2  
Show
View Real Time Build Order
Export as new Build Order

NeverLucky Zerg 

Build Orders: Hatch First 

Get SALT Encoding   

  12  0:00  Drone  
  13  0:12  Overlord  
  13  0:18  Drone  
  14  0:31  Drone x2  
  14  0:34  Drone  
  17  0:51  Hatchery  
  17  0:54  Drone  
  17  0:57  Drone  
  17  1:00  Extractor  
  17  1:07  Drone  
  18  1:16  Spawning Pool  
  17  1:20  Drone  
  18  1:28  Drone  
  19  1:39  Drone  
  20  1:49  Overlord  
  20  2:03  Queen x2  
  20  2:04  Metabolic Boost  
  20  2:05  Zergling x2  
  20  2:07  Zergling x2  
  26  2:12  Drone  
  26  2:15  Drone  
  28  2:22  Drone  
  29  2:29  Extractor  
  28  2:33  Drone x2  
  28  2:35  Overlord  
  31  2:39  Queen  
  31  2:44  Queen  
  33  2:46  Drone  
  36  2:53  Drone x2  
  36  2:57  Overlord  
  38  3:06  Drone  
  38  3:12  Drone x4  
  43  3:18  Drone  
  43  3:19  Queen, Drone x2  
  48  3:38  Drone x2  
  50  3:43  Drone x2  
  50  3:44  Baneling Nest  
  50  3:48  Hatchery  
  50  3:49  Extractor  
  49  3:58  Drone x3  
  52  4:03  Evolution Chamber  
  52  4:04  Evolution Chamber  
  52  4:05  Zergling x4  
  52  4:11  Overlord  
  52  4:29  Spore Crawler  
  52  4:30  Spore Crawler  
  50  4:31  Drone  
  50  4:32  Drone x8  
  50  4:36  Zerg Ground Armor Level 1  
  59  4:38  Overlord  
  59  4:40  Spore Crawler  
  59  4:41  Spore Crawler  
  59  4:42  Overlord  
  57  4:50  Zerg Melee Weapons Level 1  
  57  4:59  Drone x2  
  59  5:01  Drone x2  
  61  5:10  Drone x4  
  61  5:11  Drone  
  61  5:12  Drone x2  
  66  5:22  Lair  
  66  5:23  Drone x2  
  66  5:24  Drone x2  
  66  5:25  Extractor, Drone x4  
  73  5:36  Drone  
  73  5:37  Overlord x2  
  74  5:45  Extractor  
  73  5:54  Queen  
  73  5:55  Extractor  
  73  5:56  Extractor  
  73  6:01  Baneling  
  73  6:02  Zergling x2, Baneling x7  
  73  6:03  Zergling x14  
  81  6:09  Queen  
  83  6:30  Queen  
  65  6:42  Zergling x14  
  65  6:43  Zergling x6  
  65  6:45  Queen  
  72  6:47  Zerg Ground Armor Level 2, Zerg Melee Weapons Level 2  
  65  6:56  Drone x4  
  68  7:06  Queen  
  68  7:07  Centrifical Hooks  
  68  7:08  Infestation Pit  
  69  7:09  Drone x3  
  69  7:12  Hatchery  
  71  7:26  Drone x3  
  71  7:27  Drone x3  
  71  7:28  Drone x3  
  80  7:31  Zergling x2  
  80  7:34  Overseer  
  80  7:35  Hatchery  
  80  7:38  Zergling x4  
  80  7:39  Zergling x2  
  80  7:40  Overlord  
  80  7:41  Overlord x2  
  80  7:44  Pathogen Glands  
  80  7:45  Hive  
  80  7:47  Queen  
  80  7:50  Overlord x2  
  82  8:00  Drone x3  
  85  8:08  Spire  
  85  8:12  Drone x10  
  94  8:18  Drone x2  
  94  8:19  Drone x2  
  98  8:30  Infestor x4  
  106  8:37  Spore Crawler  
  106  8:38  Spore Crawler  
  104  8:41  Spore Crawler  
  104  8:42  Baneling x5  
  104  8:43  Baneling x4  
  104  8:46  Zergling x10  
  99  9:13  Zerg Melee Weapons Level 3, Zerg Ground Armor Level 3  
  98  9:19  Zergling x42  
  98  9:20  Extractor, Zergling x2  
  98  9:21  Extractor  
  118  9:24  Queen  
  118  9:25  Queen  
  122  9:33  Adrenal Glands  
  122  9:34  Zerg Flyer Weapons Level 1  
  122  9:47  Baneling x10  
  122  9:53  Zergling x6  
  125  10:04  Zergling x12  
  125  10:05  Zergling x4  
  123  10:14  Infestor x2  
  122  10:22  Zergling x4  
  122  10:23  Zergling x8  
  122  10:27  Infestor  
  126  10:30  Corruptor  
  125  10:38  Corruptor x2  
  107  10:55  Queen x3  
  113  10:58  Zergling x16  
  113  11:13  Hatchery  
  113  11:15  Zergling x4  
  114  11:18  Overlord  
  114  11:19  Overlord x2  
  114  11:21  Hatchery  
  112  11:32  Corruptor x3  
  110  11:36  Corruptor x2  
  114  11:40  Spore Crawler x2  
  114  11:42  Corruptor  
  114  11:46  Zergling x4  
  112  11:48  Zergling x2  
  108  11:56  Corruptor  
  108  11:59  Zergling x4  
  108  12:00  Zergling x2  
  110  12:04  Infestor  
  111  12:12  Pneumatized Carapace  
  111  12:13  Spore Crawler  
  110  12:20  Drone x3  
  113  12:29  Zerg Flyer Weapons Level 2  
  113  12:34  Baneling  
  113  12:35  Baneling x5  
  113  12:45  Corruptor  
  113  12:48  Neural Parasite  
  112  13:01  Corruptor  
  112  13:03  Zergling x14  
  115  13:09  Drone x3  
  115  13:11  Drone  
  116  13:19  Ultralisk Cavern, Drone x4  
  118  13:20  Drone  
  118  13:27  Infestor x2  
  117  13:55  Viper x3  
  118  14:04  Viper  
  121  14:15  Zergling x14  
  131  14:24  Corruptor x2  
  91  14:42  Zergling x12  
  95  14:51  Drone x2  
  96  15:10  Zergling x10  
  96  15:14  Queen  
  100  15:20  Spore Crawler  
  100  15:21  Hatchery  
  102  15:23  Spore Crawler  
  102  15:24  Zergling x4  
  102  15:25  Zergling x6  
  79  15:59  Zergling x4  
  76  16:08  Zergling x2  
Tags
 
Add a new tag
Caveats
  • Supply blocks, unpowered buildings, or Contaminate may cause inaccurate times.
  • Supply counts are checked every 10 seconds.